 Dungeon Crawl Stone Soup version 0.20-a0-277-g7db01f4 (webtiles) character file.

482 Da5id the Chopper (level 6, -1/47 HPs)
             Began as a Demonspawn Fighter on Dec 13, 2016.
             Was a Follower of Kikubaaqudgha.
             Succumbed to a scorpion's poison
             ... in an ossuary.
             The game lasted 00:05:52 (5034 turns).

Da5id the Chopper (Demonspawn Fighter)              Turns: 5034, Time: 00:05:53

Health: -1/47      AC:  7    Str: 17    XL:     6   Next: 87%
Magic:  6/6        EV:  9    Int: 10    God:    Kikubaaqudgha [*.....]
Gold:   121        SH:  8    Dex: 13    Spells: 1/5 levels left

rFire  . . .     SeeInvis .     a - +0 war axe
rCold  . . .     Gourm    .     b - +0 scale mail
rNeg   . . .     Faith    .     c - +0 shield
rPois  .         Spirit   .     (no helmet)
rElec  .         Reflect  .     (no cloak)
rCorr  .         Harm     .     q - +0 pair of gloves
MR     .....                    (no boots)
Stlth  +.........               (no amulet)
                                (no ring)
                                (no ring)

@: lethally poisoned (-1 -> -38)
A: repulsion field 2, nightstalker 1
a: Receive Corpses, Renounce Religion


You were in an ossuary.
You worshipped Kikubaaqudgha.
Kikubaaqudgha was aware of your devotion.
You were hungry.

You visited 1 branch of the dungeon, and saw 4 of its levels.
You also visited: Ossuary.

You collected 121 gold pieces.

Inventory:

Hand Weapons
 a - a +0 war axe (weapon)
Armour
 b - a +0 scale mail (worn)
 c - a +0 shield (worn)
 q - a +0 pair of gloves (worn)
Scrolls
 g - a scroll of recharging
 o - 2 scrolls of teleportation
 p - a scroll of identify
Potions
 d - 2 potions of might
 e - 2 potions of lignification
 j - a potion of heal wounds
Books
 m - Kikubaaqudgha's Almanac of Darkness
   (Kikubaaqudgha gifted it to you in an ossuary)

   Spells                             Type                      Level
   a - Animate Skeleton               Necromancy                   1
   b - Corpse Rot                     Necromancy                   2
   c - Sublimation of Blood           Necromancy                   2
   d - Vampiric Draining              Necromancy                   3
   e - Control Undead                 Necromancy                   4
 r - a book of Misfortune

   Spells                             Type                      Level
   a - Confusing Touch                Hexes                        1
   b - Confuse                        Hexes                        3
   c - Gell's Gravitas                Hexes/Translocation          3
   d - Petrify                        Transmutation/Earth          4
   e - Metabolic Englaciation         Hexes/Ice                    5
   f - Yara's Violent Unravelling     Hexes/Transmutation          5
Comestibles
 f - 4 bread rations
 h - 3 fruits
 k - 2 meat rations
 l - a beef jerky


   Skills:
 - Level 3.0 Fighting
 + Level 6.6 Axes
 - Level 2.6 Armour
 - Level 2.6 Shields
 + Level 1.8 Necromancy


You had one spell level left.
You knew the following spells:

 Your Spells              Type           Power        Failure   Level  Hunger
a - Control Undead        Necr           #.........   100%        4    #####..


Dungeon Overview and Level Annotations

Branches:
Dungeon (4/15)
 Temple: D:4-7

Altars:
Elyvilon
Kikubaaqudgha
Sif Muna
Trog
The Shining One


Innate Abilities, Weirdness & Mutations

You are surrounded by a moderate repulsion field. (EV +3)
You are slightly more attuned to the shadows.


Message History

The scorpion is heavily wounded.
* * * LOW HITPOINT WARNING * * *
You feel sick.
The scorpion stings you but does no damage.
The scorpion stings you.
* * * LOW HITPOINT WARNING * * *
You are more poisoned.
The scorpion poisons you!
You closely miss the scorpion.
The scorpion is heavily wounded.
* * * LOW HITPOINT WARNING * * *
You feel sick. The scorpion stings you.
* * * LOW HITPOINT WARNING * * *
You are more poisoned.
The scorpion poisons you!
You slash the scorpion!
You kill the scorpion!
Kikubaaqudgha accepts your kill.
You die...
Kikubaaqudgha rasps: "You have failed me!
Welcome... death!"

#...8...#.^^'.....#.....#
#.......#.^.#.....8.....#
##8...8######...........#
#.......#!!M#...........#
#...8...#"..###8.....8###
#...#...#!.!#...........#
######'###'##...........#
#...#...#...#.....8.....#
#.∩.'.∩.#.†@'.....#.....#
#...#...#...#.....#.....#
#########################


There were no monsters in sight!

Vanquished Creatures
  3 scorpions (Ossuary)
  4 centaur zombies (Ossuary)
  A big kobold zombie (Ossuary)
  2 mummies
  7 adders
  2 scorpion zombies (Ossuary)
  A worm (D:2)
  A dart slug (D:1)
  2 leopard geckos
  2 orcs (D:3)
  A giant cockroach (D:2)
  4 hobgoblins
  A quokka (D:2)
  A ball python (D:1)
  14 bats
  9 frilled lizards
  A gnoll zombie (Ossuary)
  9 goblins
  2 goblin zombies (Ossuary)
  15 kobolds
  A kobold zombie (Ossuary)
  An orc zombie (Ossuary)
  16 rats
100 creatures vanquished.

Vanquished Creatures (others)
  A centaur zombie (Ossuary)
  2 mummies (Ossuary)
  2 hobgoblin zombies (Ossuary)
5 creatures vanquished.

Grand Total: 105 creatures vanquished

Notes
Turn   | Place    | Note
-------+----------+-------------------------------------------
     0 | D:1      | Da5id the Demonspawn Fighter began the quest for the Orb.
     0 | D:1      | Reached XP level 1. HP: 18/18 MP: 1/1
    68 | D:1      | Reached skill level 2 in Axes
   392 | D:1      | Gained mutation: You are surrounded by a mild repulsion field. (EV +2) [demonic ancestry]
   392 | D:1      | Reached XP level 2. HP: 24/24 MP: 2/2
   749 | D:1      | Reached skill level 3 in Axes
   963 | D:1      | Gained mutation: You are slightly more attuned to the shadows. [demonic ancestry]
   963 | D:1      | Reached XP level 3. HP: 29/29 MP: 3/3
  1975 | D:2      | Reached skill level 4 in Axes
  1975 | D:2      | Reached XP level 4. HP: 30/35 MP: 4/4
  2250 | D:2      | Found an ancient bone altar of Kikubaaqudgha.
  2467 | D:2      | Became a worshipper of Kikubaaqudgha
  2989 | D:3      | Found a glowing golden altar of the Shining One.
  2990 | D:3      | Found a white marble altar of Elyvilon.
  2990 | D:3      | Found a bloodstained altar of Trog.
  3259 | D:3      | Found a deep blue altar of Sif Muna.
  3385 | D:3      | Gained mutation: You are surrounded by a moderate repulsion field. (EV +3) [demonic ancestry]
  3385 | D:3      | Reached XP level 5. HP: 29/41 MP: 5/5
  4046 | D:4      | Found a sand-covered staircase.
  4056 | Ossuary  | Entered an ossuary
  4071 | Ossuary  | Reached skill level 5 in Axes
  4378 | Ossuary  | Reached * piety under Kikubaaqudgha
  4378 | Ossuary  | Identified Kikubaaqudgha's Almanac of Darkness (Kikubaaqudgha gifted it to you in an ossuary)
  4378 | Ossuary  | Received a gift from Kikubaaqudgha
  4378 | Ossuary  | Reached XP level 6. HP: 38/47 MP: 6/6
  4386 | Ossuary  | Reached skill level 6 in Axes
  4719 | Ossuary  | Learned a level 4 spell: Control Undead
  4738 | Ossuary  | Reached skill level 1 in Necromancy
  5034 | Ossuary  | Succumbed to a scorpion's poison

Vault maps used:
D:1:      sevenhm_arrival_forest_fort_small_3
D:2:      lemuel_coloured_pillars_altar, grunt_ministairs_6
D:3:      chequers_temple_overflow_statue_of_worship
D:4:      ashenzari_altar_1, nicolae_ossuary_entry_giza, uniq_blork_the_orc,
          uniq_natasha
Ossuary:  ossuary_minmay_scorpions

Skill      XL: |  1  2  3  4  5  6 |
---------------+-------------------+-----
Axes           | 2 3 4 5 6 |  6.6
Necromancy     | 1 |  1.8
Fighting       | |  3.0
Armour         | |  2.6
Shields        | |  2.6

Action                   |  1- 3 |  4- 6 || total
-------------------------+-------+-------++-------
Melee: War axe           |   199 |   207 ||   406
  Use: Scroll            |     5 |     6 ||    11
       Potion            |       |     1 ||     1
  Eat: Chunk             |     4 |     6 ||    10
       Pizza             |       |     1 ||     1
       Beef jerky        |       |     1 ||     1
Armor: Scale mail        |    37 |    89 ||   126
       Chain mail        |    42 |     2 ||    44
Dodge: Dodged            |    51 |    68 ||   119
Block: Shield            |   103 |   113 ||   216
